 Dungeon Crawl Stone Soup version 0.19.3-1-g3169bf9 (console) character file.

124 Grinner the Cudgeler (level 5, -1/55 HPs)
             Began as an Ogre Monk on Jan 26, 2017.
             Slain by an orc
             ... wielding a +0 trident
              (4 damage)
             ... on level 3 of the Dungeon.
             The game lasted 00:04:07 (2182 turns).

Grinner the Cudgeler (Ogre Monk)                    Turns: 2182, Time: 00:04:07

Health: -1/55      AC:  3    Str: 15 (17) XL:     5   Next: 8%
Magic:  5/5        EV: 16    Int:  8 (9)  God:
Gold:   136        SH:  0    Dex: 14 (17) Spells: 0 memorised, 4 levels left

rFire  . . .     SeeInvis .     a - +0 mace
rCold  . . .     Gourm    .     b - +0 robe
rNeg   + . .     Faith    .     (no shield)
rPois  .         Spirit   .     (helmet restricted)
rElec  .         Reflect  .     (no cloak)
rCorr  .         Harm     .     (gloves unavailable)
MR     .....                    (boots unavailable)
Stlth  +++.......               (no amulet)
                                (no ring)
                                e - ring of positive energy

@: agile
A: unfitting armour, tough skin 1
a: no special abilities


You were on level 3 of the Dungeon.
You were hungry.

You visited 1 branch of the dungeon, and saw 4 of its levels.

You collected 136 gold pieces.

Inventory:

Hand Weapons
 a - a +0 mace (weapon)
Armour
 b - a +0 robe (worn)
Jewellery
 e - a ring of positive energy (left hand)
Wands
 q - a wand of confusion (12/48)
Scrolls
 g - a scroll of enchant weapon {unknown}
 h - 2 scrolls of noise {unknown}
 i - 2 scrolls of remove curse {unknown}
 j - a scroll of random uselessness {unknown}
 k - a scroll of fear {unknown}
 o - a scroll of enchant armour {unknown}
 p - a scroll of amnesia {unknown}
 r - a scroll of identify {unknown}
Potions
 n - a potion of lignification
 t - a potion of brilliance
Comestibles
 c - a bread ration
 f - a slice of pizza
 m - a meat ration


   Skills:
 + Level 4.8 Fighting
 * Level 5.7 Maces & Flails
 - Level 1.1 Throwing
 * Level 3.5 Dodging
 - Level 1.4 Stealth


You had 4 spell levels left.
You didn't know any spells.

Dungeon Overview and Level Annotations

Branches:
Dungeon (4/15)
 Temple: D:4-7

Altars:
Qazlal


Innate Abilities, Weirdness & Mutations

You are too large for most types of armour.
You have tough skin. (AC +1)


Message History

The bat misses you. The hobgoblin hits you.
* * * LOW HITPOINT WARNING * * *
The orc barely misses you.
You closely miss the hobgoblin.
The hobgoblin is heavily wounded.
The hobgoblin closely misses you. The bat hits you.
* * * LOW HITPOINT WARNING * * *
The orc closely misses you.
You hit the hobgoblin.
You kill the hobgoblin!
The bat hits you.
* * * LOW HITPOINT WARNING * * *
The kobold hits you but does no damage. The bat hits you.
* * * LOW HITPOINT WARNING * * *
The orc closely misses you. The kobold hits you but does no damage.
It was a potion of agility.
You feel agile all of a sudden. The bat completely misses you.
The orc hits you from afar with a trident.
You die...

...# #..##.....## .#
#....######.##.###..##.###..
.......<.........!..........
.s..###..............#.# .
#.................#
#.................#
#.>..............##
#......b.....†...#
#......K@....(...#..(
#.......†.......(......
(.......o<.......###...
.........#......#.# .
...#####.#.######.# ....
..#.# .# .##.# .# .. #.. .#
##.


You could see an orc, a bat and a kobold.

Vanquished Creatures
  Ijyb (D:2)
  2 adders (D:2)
  2 oozes
  4 worms
  A dart slug (D:2)
  2 leopard geckos (D:2)
  An orc (D:3)
  3 giant cockroaches (D:1)
  9 goblins
  4 hobgoblins
  3 jackals
  4 kobolds
  2 quokkas (D:2)
  3 ball pythons
  7 bats
  5 frilled lizards
  4 rats
57 creatures vanquished.

Notes
Turn   | Place    | Note
-------+----------+-------------------------------------------
     0 | D:1      | Grinner the Ogre Monk began the quest for the Orb.
     0 | D:1      | Reached XP level 1. HP: 24/24 MP: 1/1
    70 | D:1      | Reached XP level 2. HP: 26/32 MP: 2/2
   596 | D:1      | Reached XP level 3. HP: 36/40 MP: 3/3
   690 | D:2      | Reached skill level 5 in Maces & Flails
   783 | D:2      | Noticed Ijyb
   802 | D:2      | Killed Ijyb
   802 | D:2      | Reached skill level 1 in Throwing
   802 | D:2      | Reached XP level 4. HP: 28/49 MP: 4/4
  1222 | D:2      | You fall through a shaft for 2 floors!
  1259 | D:4      | Found a stormy altar of Qazlal.
  2129 | D:3      | Reached XP level 5. HP: 54/55 MP: 5/5
  2182 | D:3      | Slain by an orc

Skill      XL: |  1  2  3 |
---------------+----------+-----
Dodging        | 3 |  3.5
Maces & Flails | 5 |  5.7
Throwing       | 1 |  1.1
Fighting       | |  4.8
Stealth        | |  1.4

Action                   |  1- 3 |  4- 6 || total
-------------------------+-------+-------++-------
Melee: Mace              |   109 |   105 ||   214
  Use: Potion            |       |     8 ||     8
 Stab: Sleeping          |     1 |     1 ||     2
       Invisible         |       |     3 ||     3
  Eat: Chunk             |       |     4 ||     4
Armor: Robe              |    35 |    44 ||    79
       Skin              |       |     8 ||     8
Dodge: Dodged            |    90 |   101 ||   191
